cohdb
Replays
Latest Replays
All Replays
Popular Replays
Top Player Replays
Match Explorer
How It Works
Community
CoH3 Stats
Reddit
Sign in to upload your games and track your stats! →
Sign in with Steam
Match 42066307
Unlisted
Match 42066307
Overview
Messages
Build Orders
End
Kradschützen Motorcycle Team
Panzergrenadier Squad
Selects Panzerjäger Kommand Battlegroup
Selects Mine Fields
Panzergrenadier Squad
250 Light Carrier
Construct Light Support Kompanie
Combat Half-tracks
2.5-tonne Medical Truck
Fire Support Elements
Assault Mechanized Group
Selects Defensive Positions
Flakvierling Half-track
Panzerjäger Squad
Selects Tank Busters
Veteran Squad Leaders
Vehicle Survival Package
Panzerjäger Mechanized Group
Flakvierling Half-track
Construct Panzerarmee Kommand
Armored Reserves
Emergency Repair Kits
deanx1
只愛❤毛妹
0
0
Comments
sign in to comment!
No comments posted yet!